 Dungeon Crawl Stone Soup version 0.20.1-1-g8b1a95d (webtiles) character file.

6038 chjornaq the Fighter (level 10, -6/96 HPs)
             Began as a Minotaur Fighter on Nov 18, 2017.
             Was a Believer of Trog.
             Mangled by a yak (9 damage)
             ... on level 1 of the Lair of Beasts.
             The game lasted 00:23:03 (7315 turns).

chjornaq the Fighter (Minotaur Fighter)             Turns: 7315, Time: 00:23:03

Health: -6/96      AC: 19    Str: 25    XL:     10   Next: 56%
Magic:  9/9        EV:  7    Int:  5    God:    Trog [**....]
Gold:   437        SH: 11    Dex:  9    Spells: 9/9 levels left

rFire    + + .     SeeInvis .   G - +3 mace
rCold    + . .     Gourm    .   c - +0 shield
rNeg     . . .     Faith    .   p - +1 chain mail {rF+}
rPois    +         Spirit   .   (helmet restricted)
rElec    +         Reflect  .   n - scarf {repulsion}
rCorr    +         Harm     .   h - +2 pair of gloves
MR       .....                  (no boots)
Stlth    ..........             (no amulet)
Regen    0.3/turn               B - +4 ring of protection
MPRegen  0.2/turn               (no ring)

@: resistant, repel missiles
A: retaliatory headbutt, horns 2
a: Berserk, Trog's Hand, Burn Spellbooks, Renounce Religion


You were on level 1 of the Lair of Beasts.
You worshipped Trog.
Trog was pleased with you.
You were hungry.

You visited 3 branches of the dungeon, and saw 11 of its levels.
You also visited: Sewer.

You collected 437 gold pieces.

Inventory:

Hand Weapons
 a - a +1 war axe
 G - a +3 mace (weapon)
Missiles
 A - a throwing net (quivered)
Armour
 c - a +0 shield (worn)
 h - a +2 pair of gloves (worn)
 n - a scarf of repulsion (worn)
 p - a +1 chain mail of fire resistance (worn)
Jewellery
 x - a cursed ring of teleportation {unknown}
 B - a +4 ring of protection (left hand)
Wands
 H - a wand of acid (5/15)
 I - a wand of digging (16/24)
Scrolls
 j - a scroll of enchant weapon
 k - 2 scrolls of magic mapping
 m - 2 scrolls of recharging {unknown}
 s - 5 scrolls of remove curse
 v - a scroll of immolation
 z - 3 scrolls of blinking
 D - 2 scrolls of identify
Potions
 d - a potion of might
 e - 2 potions of lignification
 i - 2 potions of brilliance
 l - 4 potions of haste
 t - 4 potions of mutation
 w - 3 potions of flight
 C - a potion of agility {unknown}
 E - a potion of curing {unknown}
 J - a potion of heal wounds {unknown}
Comestibles
 f - 5 bread rations
 g - 3 chunks of flesh
 o - 6 meat rations
 r - 2 royal jellies


   Skills:
 * Level 11.5 Fighting
 * Level 11.3 Axes
 + Level 8.6 Armour
 + Level 8.5 Shields


You had 9 spell levels left.
You didn't know any spells.

Dungeon Overview and Level Annotations

Branches:
Dungeon (9/15)             Temple (1/1) D:5            Lair (1/6) D:8
    Orc: D:9-12

Altars:
Elyvilon
Fedhas
Gozag
Nemelex Xobeh
Okawaru
Qazlal
Trog
Vehumet
Xom
Yredelemnul


Innate Abilities, Weirdness & Mutations

You reflexively headbutt those who attack you in melee.
You have a pair of horns on your head.


Message History

The yak gores you but does no damage. The yak gores you!
* * * LOW HITPOINT WARNING * * *
You block the yak's attack. x3
It was a potion of magic.
Magic courses through your body. You block the yak's attack.
The yak closely misses you. The yak gores you but does no damage.
That item cannot be evoked!
As you read the scroll of teleportation, it crumbles to dust.
You feel strangely unstable. The yak closely misses you.
You block the yak's attack. The yak gores you but does no damage.
It was a potion of cancellation.
You feel strangely stable.
Your magical effects are unravelling.
You feel magically purged.
You feel a little less mighty now.
The yak gores you but does no damage. x3
It was a potion of resistance.
You feel protected. The yak gores you!
You die...

. .. #. P#.. .....
##########
......##Y#.#.#..##
.......YY@$......#
.......†Y#.......#
.......?.#.......#
.................#
.................#
.................#
.................#
.................#
................#


You could see 4 yaks.

Vanquished Creatures
  Erica (D:8)
  The ghost of Rem the Fighter, a novice CeHu of the Shining One (D:8)
  A two-headed ogre (D:8)
  A spiny frog (Lair:1)
  Prince Ribbit (D:7)
  2 dream sheep (D:8)
  Grum (D:8)
  3 yaks
  A hungry ghost (D:8)
  3 ice beasts
  3 phantoms
  4 wolves (D:8)
  The ghost of Sroek the Shooter, an amateur CeHu (Sewer)
  2 ogres
  A centaur (D:6)
  A crocodile (Sewer)
  2 big kobolds
  2 scorpions
  4 wights (D:7)
  A crimson imp (D:6)
  A jelly (D:7)
  2 hounds
  2 orc priests
  A bullfrog skeleton (D:7)
  A centaur skeleton (D:5)
  7 orc wizards
  2 iguanas (D:8)
  3 worker ants
  A hound zombie (D:7)
  A hound skeleton (D:5)
  A howler monkey skeleton (D:7)
  A worker ant zombie (D:7)
  8 gnolls
  12 adders
  A shadow imp (D:6)
  An adder skeleton (D:7)
  2 worms
  6 leopard geckos
  23 orcs
  6 bats
  13 giant cockroaches
  5 goblins
  5 hobgoblins
  13 jackals
  2 quokkas (D:7)
  A ball python (D:4)
  7 frilled lizards
  13 kobolds
  A leopard gecko skeleton (D:6)
  3 rats
181 creatures vanquished.

Notes
Turn   | Place    | Note
-------+----------+-------------------------------------------
     0 | D:1      | chjornaq the Minotaur Fighter began the quest for the Orb.
     0 | D:1      | Reached XP level 1. HP: 19/19 MP: 0/0
   226 | D:1      | Reached XP level 2. HP: 24/27 MP: 1/1
   920 | D:2      | Reached XP level 3. HP: 31/33 MP: 2/2
  1350 | D:2      | Reached XP level 4. HP: 41/41 MP: 3/3
  2263 | D:3      | Reached XP level 5. HP: 42/47 MP: 4/4
  2388 | D:4      | Reached skill level 5 in Fighting
  2391 | D:4      | Found a glowing drain.
  2411 | Sewer    | Entered a sewer
  2481 | Sewer    | Noticed Sroek's ghost (amateur CeHu)
  2489 | Sewer    | Killed Sroek's ghost
  2489 | Sewer    | Reached skill level 5 in Axes
  2557 | Sewer    | Noticed a crocodile
  2562 | Sewer    | Killed a crocodile
  2562 | Sewer    | Reached XP level 6. HP: 41/57 MP: 5/5
  2700 | D:4      | Reached skill level 5 in Armour
  2984 | D:4      | Found an opulent altar of Gozag.
  3128 | D:4      | Reached XP level 7. HP: 55/63 MP: 6/6
  3521 | D:5      | Entered Level 5 of the Dungeon
  3567 | D:5      | Found a staircase to the Ecumenical Temple.
  3586 | D:5      | Reached skill level 5 in Shields
  3596 | Temple   | Entered the Ecumenical Temple
  3729 | Temple   | Became a worshipper of Trog the Wrathful
  4467 | D:6      | Found a sparkling altar of Nemelex Xobeh.
  4529 | D:6      | Reached XP level 8. HP: 73/73 MP: 7/7
  4756 | D:6      | Reached * piety under Trog
  5193 | D:7      | Noticed Prince Ribbit
  5202 | D:7      | Killed Prince Ribbit
  5403 | D:7      | Reached ** piety under Trog
  5485 | D:7      | Reached XP level 9. HP: 80/83 MP: 8/8
  5752 | D:8      | Noticed Grum
  5758 | D:8      | Killed Grum
  5845 | D:8      | Found a staircase to the Lair.
  5956 | D:8      | Noticed Rem's ghost (novice CeHu)
  5970 | D:8      | Killed Rem's ghost
  5970 | D:8      | Reached skill level 10 in Fighting
  6265 | D:8      | Reached skill level 10 in Axes
  6386 | D:8      | Noticed Erica
  6400 | D:8      | Killed Erica
  6400 | D:8      | Reached XP level 10. HP: 79/94 MP: 9/9
  6598 | D:8      | Noticed a two-headed ogre
  6604 | D:8      | Killed a two-headed ogre
  7187 | Lair:1   | Entered Level 1 of the Lair of Beasts
  7239 | Lair:1   | Noticed a spiny frog
  7247 | Lair:1   | Killed a spiny frog
  7311 | Lair:1   | HP: 2/96 [yak (10)]
  7315 | Lair:1   | Mangled by a yak

Skill      XL: |  1  2  3  4  5  6  7  8  9 10 |
---------------+-------------------------------+-----
Fighting       | 4 5 6 7 9 10 11 | 11.5
Axes           | 3 4 5 7 8 10 11 | 11.3
Armour         | 4 5 6 7 8 |  8.6
Shields        | 4 5 6 7 8 |  8.5

Action                   |  1- 3 |  4- 6 |  7- 9 | 10-12 || total
-------------------------+-------+-------+-------+-------++-------
Melee: War axe           |    59 |    55 |    25 |       ||   139
       Headbutt          |    15 |    19 |    38 |    18 ||    90
       Dagger            |    37 |    81 |       |       ||   118
       Whip              |       |       |   209 |    29 ||   238
       Mace              |       |       |       |    62 ||    62
Invok: Burn Spellbooks   |       |       |     1 |       ||     1
  Use: Scroll            |       |    10 |     6 |     1 ||    17
       Potion            |       |       |     2 |     4 ||     6
  Eat: Chunk             |     2 |     5 |    11 |     3 ||    21
       Fruit             |       |       |     1 |       ||     1
Armor: Scale mail        |    54 |    28 |       |       ||    82
       Plate armour      |       |    41 |   109 |     3 ||   153
       Chain mail        |       |       |       |    55 ||    55
Dodge: Dodged            |    39 |    29 |    26 |    26 ||   120
       Deflected         |       |       |     2 |       ||     2
Block: Shield            |    48 |    69 |    90 |    59 ||   266
